 Dungeon Crawl Stone Soup version 0.24-a0-809-g71cb82dfb8 (webtiles) character file.

Game seed: 13076871748306758754, levelgen mode: deterministic

13654 Peloso the Carver (level 11, -3/97 HPs)
             Began as a Minotaur Fighter on Oct 11, 2019.
             Was a High Priest of Okawaru.
             Slain by a phantasmal warrior (24 damage)
             ... on level 11 of the Dungeon.
             The game lasted 00:24:49 (10795 turns).

Peloso the Carver (Minotaur Fighter)               Turns: 10795, Time: 00:24:50

Health: -3/97      AC: 17    Str: 22    XL:     11   Next: 78%
Magic:  0/10       EV: 12    Int:  5    God:    Okawaru [*****.]
Gold:   647        SH: 15    Dex: 12    Spells: 10/10 levels left

rFire    . . .     SeeInvis .   a - +0 long sword
rCold    . . .     Gourm    .   c - +1 shield
rNeg     . . .     Faith    .   J - +0 plate armour
rPois    .         Spirit   +   L - +0 hat {MR+}
rElec    .         Reflect  .   h - scarf {Spirit}
rCorr    .         Harm     .   (no gloves)
MR       ++...                  (no boots)
Stlth    ..........             u - amulet of regeneration
HPRegen  0.66/turn              G - ring of flight
MPRegen  0.12/turn              H - ring of protection from magic

@: heroism
A: retaliatory headbutt, horns 2
a: Heroism, Finesse, Renounce Religion, Evoke Flight


You were on level 11 of the Dungeon.
You worshipped Okawaru.
Okawaru was extremely pleased with you.
You were hungry.

You visited 2 branches of the dungeon, and saw 12 of its levels.
You also visited: Sewer.

You collected 647 gold pieces.

Inventory:

Hand Weapons
 a - a +0 long sword (weapon)
Armour
 b - a +0 chain mail
 c - a +1 shield (worn)
 h - a scarf of spirit shield (worn)
 J - a +0 plate armour (worn)
 L - a +0 hat of magic resistance (worn)
Jewellery
 g - a +4 ring of evasion
 m - an uncursed amulet of rage
 t - an uncursed ring of magical power
 u - an amulet of regeneration (around neck)
 x - a +4 ring of evasion
 D - a +5 ring of intelligence
 G - a ring of flight (left hand)
 H - a ring of protection from magic (right hand)
Wands
 r - a wand of random effects (15)
 y - a wand of digging (6)
 z - a wand of acid (10)
 B - a wand of iceblast (5)
 I - a wand of flame (22)
 M - a wand of paralysis (6)
Scrolls
 e - 2 scrolls of fear
 i - 7 scrolls of amnesia
 l - 6 scrolls of teleportation
 p - 6 scrolls of remove curse
 v - 2 scrolls of enchant weapon
 A - 4 scrolls of magic mapping
 E - a scroll of brand weapon {unknown}
Potions
 d - a potion of might
 j - 3 potions of haste
 k - 4 potions of brilliance
 n - 2 potions of invisibility
 o - 2 potions of flight
 q - 3 potions of agility
 s - 3 potions of curing
 w - a potion of magic
 C - 3 potions of berserk rage {unknown}
 F - a potion of ambrosia
Comestibles
 f - 32 rations


   Skills:
 + Level 9.2(14.2) Fighting
 + Level 13.1(18.1) Long Blades
 + Level 10.9(15.9) Armour
 + Level 4.9(9.9) Dodging
 + Level 1.1(6.1) Stealth
 + Level 11.8(16.8) Shields
 + Level 1.2 Invocations


You had 10 spell levels left.
You didn't know any spells.
Your spell library contained the following spells:

 Spells                   Type           Power        Failure   Level  Hunger
 Confusing Touch          Hex            #.....       99%         1    ##.....
 Magic Dart               Conj           #...         99%         1    ##.....
 Sandblast                Erth           #.....       99%         1    ##.....
 Passwall                 Tmut/Erth      #.......     100%        2    ###....
 Confuse                  Hex            #.......     100%        3    ####...
 Gell's Gravitas          Tloc           #.........   100%        3    ####...
 Stone Arrow              Conj/Erth      #.....       100%        3    ####...
 Cause Fear               Hex            #.........   100%        4    #####..
 Petrify                  Tmut/Erth      #.......     100%        4    #####..
 Lee's Rapid Deconstruct  Erth           #.........   100%        5    ######.
 Metabolic Englaciation   Hex/Ice        #.........   100%        5    ######.
 Silence                  Hex/Air        #.........   100%        5    ######.
 Yara's Violent Unravell  Hex/Tmut       #.........   100%        5    ######.
 Deflect Missiles         Chrm/Air       #.........   100%        6    #######
 Discord                  Hex            #.........   100%        8    #######


Dungeon Overview and Level Annotations

Branches:
Dungeon (11/15)            Temple (1/1) D:5            Lair (0/6) D:9
    Orc (0/2) D:11          Sewer (visited)

Altars:
Ashenzari
Cheibriados
Dithmenos
Elyvilon
Fedhas
Gozag
Hepliaklqana
Kikubaaqudgha
Makhleb
Nemelex Xobeh
Okawaru
Qazlal
Ru
Sif Muna
Trog
Uskayaw
Vehumet
Wu Jian
Xom
Yredelemnul
Zin
The Shining One

Annotations:
D:3 3 runed translucent doors, larifari's ghost, amateur KoCj


Innate Abilities, Weirdness & Mutations

You reflexively headbutt those who attack you in melee.
You have a pair of horns on your head.


Message History

You barely miss the phantasmal warrior.
Your headbutt misses the phantasmal warrior.
You hit the phantasmal warrior.
You headbutt the phantasmal warrior, but do no damage.
The phantasmal warrior is lightly damaged.
You block the phantasmal warrior's attack.
You closely miss the phantasmal warrior.
The phantasmal warrior is lightly damaged.
You feel a little less mighty now.
You block the phantasmal warrior's attack.
You slash the phantasmal warrior!
The phantasmal warrior is moderately damaged.
You closely miss the phantasmal warrior.
You headbutt the phantasmal warrior, but do no damage.
The phantasmal warrior is moderately damaged.
You block the phantasmal warrior's attack.
You barely miss the phantasmal warrior.
The phantasmal warrior is moderately damaged.
The phantasmal warrior hits you!!
You die...

##..##.#..#.#.#.#.
#..###.#.#.#)#.#.
#..##.#.#(#.#.#.#
#..#####.#..#)#.#
#..##..(#.#.#†#.#
....#(...#.#..#.#
##..#####.#.#.#.#
..#.#..#####
#####.#@W...#
##.#...#.#
#.#.#.#.#
#..#.#.#.. #..
#...# #. #.. ..
#.# #. ## ##


You could see a phantasmal warrior.

Vanquished Creatures
  Erolcha (D:11)
  An ogre mage (D:11)
  A deep troll earth mage (D:11)
  An ugly thing (D:11)
  An orc knight (D:11)
  3 cyclopes
  Joseph (D:7)
  A queen bee (D:9)
  2 trolls (D:8)
  2 hornets (D:8)
  A hippogriff (D:11)
  A wyvern (D:10)
  A wraith (D:10)
  A shadow (D:11)
  9 yaks
  A hungry ghost (D:8)
  A warg (D:11)
  A soldier ant (D:8)
  2 sky beasts (D:8)
  2 ice beasts
  2 phantoms
  A necrophage (D:7)
  5 orc warriors
  Purgy (Sewer)
  A black bear (D:9)
  4 centaurs
  4 ogres (D:4)
  A wolf (D:9)
  A crocodile (D:10)
  4 bullfrogs
  A big kobold (D:10)
  A gnoll sergeant (D:5)
  31 killer bees
  2 scorpions
  3 howler monkeys
  An electric eel (D:9)
  5 crimson imps
  A bullfrog zombie (D:8)
  2 centaur zombies
  2 quasits
  12 hounds
  2 jellies
  5 orc priests
  3 orc wizards
  Natasha (thrice) (D:3)
  4 worker ants
  5 iguanas
  A killer bee zombie (D:9)
  7 gnolls
  12 adders
  A howler monkey skeleton (D:11)
  5 shadow imps
  5 oozes
  2 adder zombies
  3 adder skeletons
  4 worms
  A dart slug (D:1)
  8 leopard geckos
  24 orcs
  6 bats
  3 giant cockroaches
  7 goblins
  4 hobgoblins
  23 jackals
  A quokka (D:3)
  4 frilled lizards
  A jackal skeleton (D:4)
  18 kobolds
  A quokka zombie (D:6)
  6 rats
288 creatures vanquished.

Vanquished Creatures (others)
  A hound (D:9)
  An orc (D:5)
  2 fungi (D:3)
  2 plants (D:3)
6 creatures vanquished.

Grand Total: 294 creatures vanquished

Notes
Turn   | Place    | Note
-------+----------+-------------------------------------------
     0 | D:1      | Peloso the Minotaur Fighter began the quest for the Orb.
     0 | D:1      | Reached XP level 1. HP: 19/19 MP: 0/0
   284 | D:1      | Reached XP level 2. HP: 21/27 MP: 1/1
   874 | D:1      | Reached skill level 3 in Long Blades
  1007 | D:2      | Reached XP level 3. HP: 21/33 MP: 0/2
  1009 | D:2      | Reached skill level 1 in Dodging
  1384 | D:1      | Reached XP level 4. HP: 31/40 MP: 3/3
  1465 | D:2      | Found a bloodstained altar of Trog.
  1581 | D:2      | Noticed a phantom
  1648 | D:2      | HP: 1/40 [phantom (3)]
  1654 | D:2      | Killed a phantom
  1654 | D:2      | Reached skill level 4 in Long Blades
  1654 | D:2      | Reached XP level 5. HP: 8/47 MP: 1/4
  1918 | D:2      | Found a shattered altar of Ashenzari.
  2045 | D:2      | Found a shimmering altar of Xom.
  2047 | D:2      | Found a blossoming altar of Fedhas.
  2047 | D:2      | Found an ancient bone altar of Kikubaaqudgha.
  2049 | D:2      | Found an ornate altar of the Wu Jian Council.
  2049 | D:2      | Found a sparkling altar of Nemelex Xobeh.
  2049 | D:2      | Found an ornate altar of the Wu Jian Council.
  2401 | D:3      | Found a shadowy altar of Dithmenos.
  2401 | D:3      | Noticed Natasha
  2423 | D:3      | Killed Natasha
  2640 | D:3      | Found a runed translucent gate.
  2640 | D:3      | Found a runed translucent gate.
  2640 | D:3      | Found a runed translucent gate.
  2642 | D:3      | Noticed larifari's ghost (amateur KoCj)
  2715 | D:3      | Noticed Natasha
  2730 | D:3      | Killed Natasha
  2763 | D:3      | Reached XP level 6. HP: 45/53 MP: 5/5
  2812 | D:3      | Noticed Natasha
  2821 | D:3      | Killed Natasha
  2821 | D:3      | Reached skill level 5 in Shields
  2936 | D:3      | Found a white marble altar of Elyvilon.
  3184 | D:4      | Reached skill level 5 in Long Blades
  3184 | D:4      | Reached skill level 5 in Armour
  3501 | D:4      | Reached skill level 5 in Fighting
  3559 | D:4      | Reached XP level 7. HP: 55/61 MP: 4/6
  3745 | D:4      | Reached skill level 6 in Long Blades
  4061 | D:5      | Entered Level 5 of the Dungeon
  4076 | D:5      | Reached skill level 7 in Long Blades
  4076 | D:5      | Reached XP level 8. HP: 69/69 MP: 7/7
  4079 | D:5      | Found a glowing drain.
  4103 | Sewer    | Entered a sewer
  4158 | Sewer    | Noticed Purgy
  4165 | Sewer    | Killed Purgy
  4471 | D:5      | Found a staircase to the Ecumenical Temple.
  4489 | Temple   | Entered the Ecumenical Temple
  4533 | Temple   | Became a worshipper of Warmaster Okawaru
  4665 | D:5      | Reached skill level 8 in Long Blades
  4857 | D:5      | Found a glowing silver altar of Zin.
  4981 | D:5      | Found a hazy altar of Hepliaklqana.
  6025 | D:7      | Noticed Joseph
  6060 | D:7      | Killed Joseph
  6060 | D:7      | Reached * piety under Okawaru
  6060 | D:7      | Reached skill level 9 in Long Blades
  6060 | D:7      | Reached skill level 1 in Stealth
  6060 | D:7      | Reached XP level 9. HP: 26/77 MP: 2/8
  6186 | D:7      | Found a burning altar of Makhleb.
  6462 | D:8      | Found an opulent altar of Gozag.
  6515 | D:8      | Paralysed by a hornet for 1 turns
  6520 | D:8      | Paralysed by a hornet for 2 turns
  6524 | D:8      | Reached ** piety under Okawaru
  6935 | D:8      | Reached skill level 10 in Long Blades
  7085 | D:8      | Found a sparkling altar of Nemelex Xobeh.
  7300 | D:8      | Noticed a troll
  7314 | D:8      | Killed a troll
  7565 | D:8      | Reached XP level 10. HP: 86/86 MP: 9/9
  7817 | D:8      | Found a radiant altar of Vehumet.
  7819 | D:8      | Identified Vehumet's Papyrus of Confrontation
  7822 | D:8      | Found an ancient bone altar of Kikubaaqudgha.
  7823 | D:8      | Found a shimmering blue altar of Sif Muna.
  7975 | D:9      | Noticed a cyclops
  8145 | D:8      | Killed a cyclops
  8145 | D:8      | Reached *** piety under Okawaru
  8289 | D:9      | Found a staircase to the Lair.
  8747 | D:9      | Reached skill level 11 in Long Blades
  8838 | D:9      | Reached skill level 10 in Shields
  9288 | D:10     | Entered Level 10 of the Dungeon
  9296 | D:9      | Reached **** piety under Okawaru
  9503 | D:10     | Reached skill level 10 in Armour
  9783 | D:10     | Reached XP level 11. HP: 70/94 MP: 6/10
 10167 | D:11     | Reached ***** piety under Okawaru
 10226 | D:11     | Noticed Erolcha
 10253 | D:10     | Reached skill level 12 in Long Blades
 10355 | D:11     | Paralysed by Erolcha for 7 turns
 10366 | D:11     | Killed Erolcha
 10366 | D:11     | Received a gift from Okawaru
 10416 | D:11     | Noticed a brown ugly thing
 10446 | D:11     | Killed a brown ugly thing
 10474 | D:11     | Reached skill level 1 in Invocations
 10488 | D:11     | Found a staircase to the Orcish Mines.
 10736 | D:11     | Noticed an orc knight
 10755 | D:11     | Killed an orc knight
 10756 | D:11     | Noticed an ogre mage
 10761 | D:11     | Killed an ogre mage
 10772 | D:11     | Reached skill level 13 in Long Blades
 10779 | D:11     | Noticed a deep troll earth mage
 10782 | D:11     | Noticed a phantasmal warrior
 10787 | D:11     | Killed a deep troll earth mage
 10795 | D:11     | Slain by a phantasmal warrior

Levels and vault maps discovered:
D:1:      onia_arrival_mini_spirals, layout_basic
D:2:      layout_basic, doesnt_xom_only_xom, evilmike_ruin_ashenzari,
          overflow_temple_1_default, first_ration
D:3:      layout_basic, marbit_many_paths,
          nicolae_dithmenos_through_a_glass_darkly,
          gammafunk_ghost_nasty_kobolds, uniq_natasha
D:4:      layout_loops_ring
D:5:      layout_loops_corners, lemuel_doored_altar, lemuel_crystal_altar,
          minmay_temple_entry_trees, cheibrodos_sewer_entry_drain, minivault_4,
          minmay_misc_feat_five
D:6:      layout_loops_corners, kennysheep_generic_room_2
D:7:      layout_rooms, overflow_temple_1_default, uniq_joseph
D:8:      layout_gridville, grunt_temple_overflow_magic_moments,
          nemelex_xobeh_ov_fountains_minmay, kennysheep_little_box,
          hangedman_pestilent_swarm
D:9:      layout_loops_ring, erik_lair_island, special_room [special_room_bee]
D:10:     layout_loops_cross
D:11:     minmay_tearing_corner, layout_long_grid, erik_orc_4, uniq_grum,
          uniq_erolcha
Temple:   jpeg_temple_island

Skill      XL: |  1  2  3  4  5  6  7  8  9 10 11 |
---------------+----------------------------------+-----
Fighting       | 4 5 6 7 8 9 |  9.2
Shields        | 4 5 7 8 10 11 | 11.8
Long Blades    | 3 4 5 7 9 10 11 13 | 13.1
Armour         | 4 5 6 7 8 10 | 10.9
Dodging        | 1 2 3 4 |  4.9
Stealth        | 1 |  1.1
Invocations    | 1 |  1.2

Action                   |  1- 3 |  4- 6 |  7- 9 | 10-12 || total
-------------------------+-------+-------+-------+-------++-------
Melee: Long sword        |    77 |   169 |   315 |   552 ||  1113
       Headbutt          |     5 |    30 |    67 |   124 ||   226
Invok: Heroism           |       |       |     1 |     6 ||     7
Evoke: Wand              |       |       |       |     2 ||     2
  Use: Potion            |       |     1 |     5 |     3 ||     9
       Scroll            |       |    11 |     5 |     2 ||    18
 Stab: Distracted        |       |     1 |       |       ||     1
  Eat: Chunk             |     1 |     4 |     5 |     9 ||    19
       Ration            |       |     1 |     2 |     1 ||     4
Armor: Scale mail        |    33 |    51 |     9 |       ||    93
       Chain mail        |       |       |    52 |   116 ||   168
       Plate armour      |       |       |       |    68 ||    68
Dodge: Dodged            |    29 |    39 |   141 |   150 ||   359
Block: Shield            |    38 |    86 |   202 |   373 ||   699
       Rpst.: Long sword |     2 |     9 |    42 |    49 ||   102

Table legend:
 A = Non-vault XP
 B = Vault XP
 C = Vault XP percentage of total XP
 D = Non-vault monster count
 E = Vault monster count
 F = Vault count percentage of total count
                 A         B        C        D         E       F
            +---------+---------+-------+---------+---------+-------
      Total |   10072 |    9434 |  48.4 |     215 |      73 |  25.3
            +---------+---------+-------+---------+---------+-------
        D:1 |      82 |       0 |   0.0 |      23 |       0 |   0.0
        D:2 |     212 |       0 |   0.0 |      17 |       0 |   0.0
        D:3 |     103 |      37 |  26.4 |      17 |       2 |  10.5
        D:4 |     972 |       0 |   0.0 |      29 |       0 |   0.0
        D:5 |     733 |      10 |   1.3 |      27 |       2 |   6.9
        D:6 |     154 |       1 |   0.6 |       9 |       1 |  10.0
        D:7 |     634 |     450 |  41.5 |      13 |       1 |   7.1
        D:8 |    1915 |    1049 |  35.4 |      17 |       5 |  22.7
        D:9 |     821 |    2159 |  72.4 |      20 |      31 |  60.8
       D:10 |    2847 |       0 |   0.0 |      25 |       0 |   0.0
       D:11 |    1555 |    5595 |  78.3 |      16 |      25 |  61.0
     Temple |      44 |       0 |   0.0 |       2 |       0 |   0.0
      Sewer |       0 |     133 | 100.0 |       0 |       6 | 100.0
            +---------+---------+-------+---------+---------+-------
